[Event "Romanian-ch Youth Open U16 2024"]
[Site "Eforie Nord"]
[Date "2024.04.12"]
[Round "1.1"]
[White "Magold, Filip"]
[Black "Mihaila, Marika-Nicolas"]
[Result "1-0"]
[ECO "C06"]
[WhiteElo "2408"]
[BlackElo "1858"]
[Annotator "TA"]
[PlyCount "41"]
[EventDate "2024.04.10"]
[EventType "swiss"]
[EventCountry "ROU"]
[SourceTitle "playchess.com"]
[Source "ChessBase"]
[SourceQuality "1"]
[TimeControl "5400+30"]

1. e4 e6 2. d4 d5 3. Nd2 Nf6 4. e5 Nfd7 5. Bd3 c5 6. c3 Nc6 7. Ne2 cxd4 8. cxd4 Qb6 9. Nf3 Be7 10. O-O O-O 11. a3 a5 (11... f6 $14) 12. Bc2 Re8 13. h4 Qd8 {[%emt 0:00:00] White is better.} 14. Qd3 $40 {[%emt 0:03:53][%mdl 128] White has some attack.} Nf8 15. Ng5 (15. Bg5 $14) 15... Bxg5 $2 {[%emt 0:00:00] [#]} (15... b6 $1 $11) 16. Bxg5 $18 Qc7 {[%emt 0:00:00] Black is weak on the dark squares} 17. Rac1 b5 (17... b6 {was called for.}) 18. Rfd1 ({Inferior is} 18. Qxb5 Ba6 19. Qc5 Bxe2 $19) 18... Ba6 19. Nf4 Qa7 ({Avoid the trap} 19... h6 $2 20. Bf6 gxf6 21. Qg3+ Ng6 (21... Kh8 $2 22. exf6 Ng6 23. Nxg6+ fxg6 24. Qxc7 $18) 22. Bxg6 $18) 20. Nh5 Ng6 {[%emt 0:00:00] [#]} 21. Nxg7 $1 {[%emt 0:01:54][%mdl 512] Weighted Error Value: White=0.25 (precise) /Black=0.60.  Loses game:     	---       	Black=1      Mistake:       	White=1     	Black=1      Inaccurate:     	White=2     	---        OK:         	White=3     	Black=4} 1-0

[Event "Romanian-ch Youth Open U16 2024"]
[Site "Eforie Nord"]
[Date "2024.04.12"]
[Round "1.2"]
[White "Dragoi, Albert-Marian"]
[Black "Cnejev, Vladimir-Alexandru"]
[Result "0-1"]
[ECO "C57"]
[WhiteElo "1833"]
[BlackElo "2353"]
[Annotator "RC"]
[PlyCount "80"]
[EventDate "2024.04.10"]
[EventType "swiss"]
[EventCountry "ROU"]
[SourceTitle "playchess.com"]
[Source "ChessBase"]
[SourceQuality "1"]
[TimeControl "5400+30"]

1. e4 e5 2. Nf3 Nc6 3. Bc4 Nf6 4. Ng5 d5 5. exd5 b5 6. dxc6 bxc4 7. Nc3 h6 8. Nge4 Nxe4 9. Nxe4 Qd5 10. Qf3 Be6 11. O-O O-O-O 12. b3 Qxc6 13. bxc4 f5 14. Ng5 e4 15. Qh3 Bxc4 16. Qxf5+ Kb8 17. Nf7 Bxf7 18. Qxf7 Bc5 19. Bb2 Rhf8 20. Qb3+ Ka8 21. Be5 Rxd2 22. Rab1 e3 23. Bxg7 Rfd8 24. Bxh6 Rxf2 25. Rxf2 exf2+ 26. Kf1 Qa6+ 27. c4 Bb6 28. Qb5 Qa3 29. Qc6+ Kb8 30. Qe4 Qa4 31. Be3 Re8 32. Qd3 Qxa2 33. Bd4 Qxb1+ 34. Qxb1 Re1+ 35. Qxe1 fxe1=Q+ 36. Kxe1 Bxd4 37. h4 Bf6 38. h5 Bg5 39. Kd1 Kb7 40. Kc2 Kc6 0-1

[Event "Romanian-ch Youth Open U16 2024"]
[Site "Eforie Nord"]
[Date "2024.04.13"]
[Round "2.1"]
[White "Vedmediuc, Artiom"]
[Black "Magold, Filip"]
[Result "1/2-1/2"]
[ECO "C02"]
[WhiteElo "2034"]
[BlackElo "2408"]
[Annotator "RC"]
[PlyCount "113"]
[EventDate "2024.04.10"]
[EventType "swiss"]
[EventCountry "ROU"]
[SourceTitle "playchess.com"]
[Source "ChessBase"]
[SourceQuality "1"]
[TimeControl "5400+30"]

1. e4 e6 2. d4 d5 3. e5 c5 4. c3 Nc6 5. Nf3 Nge7 6. Na3 Nf5 7. Nc2 Bd7 8. Bd3 c4 9. Be2 Be7 10. O-O g5 11. Ne3 h5 12. b3 g4 13. Ne1 b5 14. g3 Qb6 15. N1g2 Nfxd4 16. cxd4 Nxd4 17. bxc4 bxc4 18. Nf4 Bc6 19. Nc2 Nxc2 20. Qxc2 h4 21. Rb1 Qc5 22. Nxe6 fxe6 23. Qg6+ Kd8 24. Qxe6 hxg3 25. Ba3 gxh2+ 26. Kh1 Bd7 27. Qf7 Rf8 28. Qxf8+ Bxf8 29. Bxc5 Bxc5 30. Kxh2 Bd4 31. Rfd1 Bxf2 32. Rxd5 Kc7 33. Rdd1 Bc6 34. Bxg4 Rh8+ 35. Bh3 Be3 36. Rf1 Bd7 37. Rf3 Bd4 38. Re1 Be6 39. Re4 Bb2 40. Re2 Bd4 41. Rg3 Rh5 42. Kg2 Bd5+ 43. Kf1 Bxe5 44. Ra3 c3 45. Rxe5 Rxe5 46. Rxc3+ Kb6 47. a3 a5 48. Bd7 Re7 49. Ba4 Re4 50. Bc2 Rh4 51. Ke2 Rh2+ 52. Ke3 Bc6 53. Kd4 Rh4+ 54. Kd3 Be4+ 55. Kd2 Rh2+ 56. Kc1 Rh1+ 57. Kb2 1/2-1/2

[Event "Romanian-ch Youth Open U16 2024"]
[Site "Eforie Nord"]
[Date "2024.04.13"]
[Round "2.2"]
[White "Cnejev, Vladimir-Alexandru"]
[Black "Tamas, Christian-Arrydan"]
[Result "1-0"]
[ECO "B22"]
[WhiteElo "2353"]
[BlackElo "2054"]
[Annotator "RC"]
[PlyCount "113"]
[EventDate "2024.04.10"]
[EventType "swiss"]
[EventCountry "ROU"]
[SourceTitle "playchess.com"]
[Source "ChessBase"]
[SourceQuality "1"]
[TimeControl "5400+30"]

1. e4 c5 2. Nf3 Nc6 3. c3 d5 4. exd5 Qxd5 5. d4 Bf5 6. Be3 Nf6 7. Na3 cxd4 8. Bc4 Qa5 9. Nxd4 Nxd4 10. Bxd4 e5 11. Bb5+ Bd7 12. Bxd7+ Nxd7 13. Nc4 Qc7 14. Qe2 Bd6 15. Rd1 O-O 16. Be3 Be7 17. O-O f5 18. Rfe1 Rad8 19. f3 Bh4 20. g3 Bf6 21. Nd6 f4 22. Bxa7 fxg3 23. hxg3 Be7 24. Qc4+ Qxc4 25. Nxc4 Rxf3 26. Kg2 Rf5 27. Na5 Nc5 28. Rxd8+ Bxd8 29. Nc4 Na4 30. Rd1 Bc7 31. Rd5 Rf6 32. Rb5 Rc6 33. Rb4 b5 34. Nd2 Ra6 35. Be3 Ba5 36. Rxb5 Nxc3 37. bxc3 Bxc3 38. Nc4 Rxa2+ 39. Kf3 Kf7 40. Nxe5+ Ke6 41. Nd3 Ra8 42. Nf4+ Kf7 43. Rb7+ Kg8 44. Nd5 Be5 45. Re7 Rf8+ 46. Kg4 Bb2 47. Bf4 Rd8 48. Rb7 Ba1 49. Ne7+ Kf8 50. Nf5 Bf6 51. Bd6+ Kg8 52. Be7 Bxe7 53. Rxe7 g6 54. Nh6+ Kf8 55. Rf7+ Ke8 56. Rxh7 Rd5 57. Rg7 1-0

[Event "Romanian-ch Youth Open U16 2024"]
[Site "Eforie Nord"]
[Date "2024.04.13"]
[Round "3.1"]
[White "Craciun, Sasha-Matei"]
[Black "Cnejev, Vladimir-Alexandru"]
[Result "1-0"]
[ECO "C90"]
[WhiteElo "2190"]
[BlackElo "2353"]
[Annotator "RC"]
[PlyCount "95"]
[EventDate "2024.04.10"]
[EventType "swiss"]
[EventCountry "ROU"]
[SourceTitle "playchess.com"]
[Source "ChessBase"]
[SourceQuality "1"]
[TimeControl "5400+30"]

1. e4 e5 2. Nf3 Nc6 3. Bb5 a6 4. Ba4 Nf6 5. O-O Be7 6. Re1 b5 7. Bb3 O-O 8. a4 Bb7 9. d3 d6 10. c3 h6 11. h3 Re8 12. Nbd2 Bf8 13. Nf1 Na5 14. Bc2 c5 15. Ng3 d5 16. Bd2 Qc7 17. Re2 c4 18. axb5 axb5 19. Qe1 Rad8 20. d4 dxe4 21. Nxe5 Nb3 22. Rd1 Bd6 23. Nxe4 Bxe4 24. Bxe4 Bxe5 25. dxe5 Nxe4 26. Rxe4 Qd7 27. Re2 Qd3 28. f4 Qc2 29. f5 Qxf5 30. Be3 Rxd1 31. Qxd1 Rxe5 32. Bf2 Rd5 33. Qe1 Kh7 34. Kh2 Qd3 35. Re7 Rf5 36. Bg3 Nd2 37. Bf2 h5 38. Qe2 Qd6+ 39. Kg1 Qd5 40. Bd4 Nb3 41. Re4 Nc1 42. Qe3 Nd3 43. b4 Rg5 44. g3 Qf5 45. Kg2 Rg6 46. Qf3 Qd5 47. Kh2 Re6 48. Qxf7 1-0

[Event "Romanian-ch Youth Open U16 2024"]
[Site "Eforie Nord"]
[Date "2024.04.13"]
[Round "3.2"]
[White "Radu, David Cr."]
[Black "Botea, David-Alexandru"]
[Result "1-0"]
[ECO "D02"]
[WhiteElo "2237"]
[BlackElo "2092"]
[Annotator "RC"]
[PlyCount "45"]
[EventDate "2024.04.10"]
[EventType "swiss"]
[EventCountry "ROU"]
[SourceTitle "playchess.com"]
[Source "ChessBase"]
[SourceQuality "1"]
[TimeControl "5400+30"]

1. d4 d5 2. Bf4 Nf6 3. e3 e6 4. Nf3 c5 5. Nbd2 Nc6 6. c3 Bd6 7. Bg3 O-O 8. Bd3 b6 9. e4 Be7 10. e5 Nh5 11. Ng5 Bxg5 12. Qxh5 g6 13. Qe2 cxd4 14. h4 dxc3 15. hxg5 cxd2+ 16. Qxd2 Qe7 17. Rh4 d4 18. a3 Rd8 19. Rh6 Qf8 20. Ke2 Qg7 21. Rah1 Rd5 22. Qf4 Rxe5+ 23. Kd2 1-0

[Event "Romanian-ch Youth Open U16 2024"]
[Site "Eforie Nord"]
[Date "2024.04.14"]
[Round "4.1"]
[White "Coicev, Matei-Andrei"]
[Black "Radu, David Cr."]
[Result "1/2-1/2"]
[ECO "C48"]
[WhiteElo "2230"]
[BlackElo "2237"]
[Annotator "TA"]
[PlyCount "149"]
[EventDate "2024.04.10"]
[EventType "swiss"]
[EventCountry "ROU"]
[SourceTitle "playchess.com"]
[Source "ChessBase"]
[SourceQuality "1"]
[TimeControl "5400+30"]

1. e4 e5 2. Nf3 Nc6 3. Nc3 Nf6 4. Bb5 Nd4 5. Be2 d6 6. O-O Be7 7. d3 Nxe2+ 8. Qxe2 c6 9. Bg5 O-O 10. Nd1 Ng4 11. Bxe7 Qxe7 12. h3 Nf6 13. Ne3 g6 14. Rae1 Nh5 15. Qd1 Nf4 16. h4 f5 17. g3 Nh3+ 18. Kg2 f4 19. Nc4 Bg4 20. Ncd2 g5 21. Rh1 Qd7 22. Ref1 fxg3 23. fxg3 gxh4 24. gxh4 Kh8 25. Qe1 Bxf3+ 26. Rxf3 Nf4+ 27. Kh2 {[%emt 0:02:40] [#]} Rg8 $1 28. Rg1 {[%emt 0:00:23] [#]} Qe7 $1 29. Rff1 Raf8 30. Nf3 $2 (30. Nc4) 30... Rxg1 (30... Qd7 $142 31. Ng5 h6 32. Rxf4 Rxf4) 31. Nxg1 Qg7 32. Qg3 Qd7 33. Nh3 (33. Qg5 {is a better defense.}) 33... Rg8 $19 34. Qf3 Rg4 35. Qf2 Rg2+ 36. Qxg2 Nxg2 37. Kxg2 Qg4+ 38. Kh2 Qxh4 39. Rf8+ Kg7 40. Rf2 h5 41. Rg2+ Kh6 42. Rf2 d5 43. Re2 dxe4 44. Rxe4 Qf6 45. Kg2 Qe6 46. b3 Qf6 47. Re2 h4 48. Kh2 Qf3 49. Rg2 b5 50. Nf2 Qf4+ 51. Kh3 Qf3+ 52. Kh2 $1 Qf4+ 53. Kh3 Kh5 54. Ne4 Qf1 55. Kh2 Qf4+ 56. Kh3 a5 57. Rf2 Qe3+ 58. Kh2 h3 59. Rf8 Qe2+ $2 (59... Qc1 $19 60. Rf2 Kh4) 60. Rf2 $17 Qe3 $2 (60... Qd1 $17 61. Kxh3 c5) 61. Rf8 $19 a4 62. bxa4 bxa4 63. Rg8 Kh6 64. Rg3 Qe2+ 65. Kxh3 Qxc2 66. a3 (66. Kg4 $142 Qxa2 67. Kf5 Qf7+ 68. Kxe5) 66... Qa2 $19 67. Kg4 Kg6 68. Kf3+ Kf7 69. Nd6+ Ke7 (69... Kf6 $142 70. Nc4 Qh2) 70. Nc4 $19 Kf6 71. Ke3 $2 (71. Rg4) 71... Qa1 (71... Qh2 $142 72. Kf3 c5) 72. Rf3+ $2 (72. Ke2) 72... Ke6 $2 (72... Kg5 $19 73. Ke2 Qa2+ 74. Ke3 Qc2 75. Nxe5 Qc5+ 76. d4 Qxa3+ 77. Ke4 Qa2 78. Rf5+ Kh4 79. Rf4+ Kh3 80. Nxc6 a3 81. Rf3+ Kg2) 73. Kd2 $1 $11 e4 74. Re3 $1 Kf5 75. Rxe4 1/2-1/2

[Event "Romanian-ch Youth Open U16 2024"]
[Site "Eforie Nord"]
[Date "2024.04.14"]
[Round "4.2"]
[White "Magold, Filip"]
[Black "Craciun, Sasha-Matei"]
[Result "1-0"]
[ECO "C93"]
[WhiteElo "2408"]
[BlackElo "2190"]
[Annotator "TA"]
[PlyCount "101"]
[EventDate "2024.04.10"]
[EventType "swiss"]
[EventCountry "ROU"]
[SourceTitle "playchess.com"]
[Source "ChessBase"]
[SourceQuality "1"]
[TimeControl "5400+30"]

1. e4 e5 2. Nf3 Nc6 3. Bb5 a6 4. Ba4 Nf6 5. O-O Be7 6. Re1 b5 7. Bb3 d6 8. c3 O-O 9. h3 Bb7 10. d4 Re8 11. Ng5 Rf8 12. Nf3 Re8 13. Nbd2 Bf8 14. Bc2 h6 15. b3 g6 16. Bb2 Bg7 17. d5 {[%emt 0:00:37] White has an edge.} Nb8 18. c4 c6 19. a4 Nbd7 20. Ba3 Qc7 21. Bd3 bxa4 22. bxa4 c5 23. Nb3 Nf8 24. Bc1 Bc8 25. Bd2 Bd7 26. Ba5 Qc8 27. Nbd2 Rb8 28. Qc2 Re7 29. Reb1 {[%emt 0:03:04] Black must now prevent Rxb8.} Be8 $1 30. Ra3 Reb7 31. Rab3 Qd7 32. Qa2 Rxb3 33. Rxb3 Rxb3 34. Qxb3 Qxa4 35. Qb6 Bd7 36. Qxa6 Ne8 37. Qb6 Bf6 38. Nb1 Bc8 39. Nc3 Qa1+ 40. Bf1 Be7 41. Nb5 Qb2 42. Qb8 Bd7 43. Bd8 Bxd8 44. Qxd8 {[%emt 0:00:02] [#] aiming for Qe7.} Qb1 $2 (44... Kg7 $11) 45. Qe7 $18 Qxe4 46. Nxd6 Nxd6 47. Qxd6 Qf4 $2 {[%emt 0:01:25] [#]} (47... Bf5 {was called for.} 48. Nxe5 (48. Qxc5 Nd7 $18) 48... Nh7) 48. Nxe5 {[%emt 0:00:24] White is clearly winning.} ({Not} 48. Qxe5 Qxe5 49. Nxe5 Bc8 $16) 48... Kg7 49. g3 Qf5 50. Bd3 Qxh3 51. Qe7 {[%emt 0:00:05] Weighted Error Value: White=0.07 (flawless) /Black=0.37.  Loses game:     	---       	Black=1      Mistake:       	---       	Black=1      Inaccurate:     	White=3     	Black=3      OK:         	White=10    	Black=12     Best:        	White=3     	Black=1      Strong:       	---       	Black=1} 1-0

[Event "Romanian-ch Youth Open U16 2024"]
[Site "Eforie Nord"]
[Date "2024.04.15"]
[Round "5.1"]
[White "Radu, David Cr."]
[Black "Magold, Filip"]
[Result "0-1"]
[ECO "B22"]
[WhiteElo "2237"]
[BlackElo "2408"]
[Annotator "TA"]
[PlyCount "92"]
[EventDate "2024.04.10"]
[EventType "swiss"]
[EventCountry "ROU"]
[SourceTitle "playchess.com"]
[Source "ChessBase"]
[SourceQuality "1"]
[TimeControl "5400+30"]

1. e4 c5 2. c3 e6 3. Nf3 d5 4. exd5 exd5 5. d4 Nc6 6. dxc5 Bxc5 7. Bd3 Qe7+ 8. Be2 Nf6 9. O-O {[%emt 0:00:09] The position is equal.} O-O 10. Bf4 Bg4 11. Nbd2 Rfe8 12. Bd3 Ne4 13. Qc2 Qf6 14. Be3 Bxe3 15. fxe3 Qh6 16. Rae1 Nxd2 17. Qxd2 Bxf3 18. Rxf3 {[%emt 0:01:52] [#] Threatens to win with Rh3.} g6 19. Bb5 Re6 20. Bxc6 (20. Qxd5 Rd8 21. Bxc6 Rxd5 22. Bxd5 Re7 $16) 20... bxc6 21. Qd4 Qg7 22. Ref1 f5 23. Qxg7+ Kxg7 $15 {[%emt 0:00:07][%mdl 4096] Endgame. KRR-KRR} 24. Rd1 Re4 25. Kf2 Ra4 26. a3 Rb8 27. Rd2 a5 28. Ke2 Re8 29. Rd3 Rae4 {[%emt 0:03:25] Black is more active.} 30. Kd2 Kf6 31. Rf4 Ke5 32. Rd4 Rb8 $1 33. Rdxe4+ $2 {[%emt 0:00:03] This costs White the game.} (33. Rfxe4+ $15 fxe4 34. Kc2) 33... dxe4 {[%emt 0:00:14] KR-KR} ({Worse is} 33... fxe4 34. Kc2 $15) 34. Kc2 (34. b4 {is a better defense.}) 34... g5 $19 35. Rf1 f4 36. a4 (36. b3 $142) 36... c5 37. g3 fxe3 {[%emt 0:07:24] [#] ...Rd8 would now be deadly.} 38. g4 $2 (38. Re1 Rf8 39. Rxe3) 38... e2 39. Rf5+ Kd6 {[%emt 0:00:51] ( -> ...e3)} 40. Kd2 Rxb2+ 41. Ke1 h6 42. c4 (42. h4 $142 gxh4 43. Rh5) 42... Rc2 {[%emt 0:00:30] Black is clearly winning.} 43. Rd5+ Kc6 44. Rd8 Rxc4 45. Kxe2 Rxa4 46. Ke3 Ra2 {[%emt 0:00:14] Weighted Error Value: White=0.47/Black=0.09 (flawless) .  Loses game:     	White=1     	---        Mistake:       	White=4     	---        Inaccurate:     	White=3     	---        OK:         	White=14    	Black=15     Best:        	White=1     	Black=2      Strong:       	---       	Black=1} 0-1

[Event "Romanian-ch Youth Open U16 2024"]
[Site "Eforie Nord"]
[Date "2024.04.15"]
[Round "5.2"]
[White "Cnejev, Vladimir-Alexandru"]
[Black "Coicev, Matei-Andrei"]
[Result "1-0"]
[ECO "C02"]
[WhiteElo "2353"]
[BlackElo "2230"]
[Annotator "TA"]
[PlyCount "55"]
[EventDate "2024.04.10"]
[EventType "swiss"]
[EventCountry "ROU"]
[SourceTitle "playchess.com"]
[Source "ChessBase"]
[SourceQuality "1"]
[TimeControl "5400+30"]

1. e4 c5 2. Nf3 Nc6 3. c3 e6 4. d4 d5 5. e5 Bd7 6. Bd3 cxd4 7. O-O dxc3 8. Nxc3 a6 {[%emt 0:02:57] Black is slightly better.} 9. Re1 Nge7 10. Bg5 Qb8 (10... Nb4 $15) 11. Rc1 $11 Ng6 12. Bxg6 hxg6 13. Na4 b5 14. Nc5 Bxc5 15. Rxc5 Qb7 {[%emt 0:06:52] Black is weak on the dark squares} 16. Qd2 Rc8 17. Qf4 Na7 (17... b4 $11 {keeps the balance.}) 18. Rxc8+ $16 Nxc8 19. Rc1 a5 {[%emt 0:06:07] [#] Prevents Qb4.} (19... d4 $142) 20. Qd4 $1 $40 {[%emt 0:05:00][%mdl 128] White wants a kill. White is much more active.} Rf8 $2 {[%emt 0:06:35][%mdl 8192] Black cannot hold the game after this.} (20... Rh5 $16 21. b3 Qb8) 21. Qh4 $18 Bc6 22. Qh7 f6 23. Qxg6+ Qf7 24. Qxf7+ Rxf7 25. exf6 ({Don't play} 25. Rxc6 Ne7 $18) 25... gxf6 26. Rxc6 {[%emt 0:00:09] White is clearly winning.} Ne7 27. Ra6 fxg5 28. Ra8+ {[%emt 0:00:11] Weighted Error Value: White=0.16 (very precise) /Black=0.52.  Loses game:     	---       	Black=1      Mistake:       	---       	Black=3      Inaccurate:     	White=3     	Black=2      OK:         	White=11    	Black=3      Best:        	White=1     	Black=1      Strong:       	White=1     	---} (28. Rxe6 Rf4 29. Nxg5 Rc4 $16) 1-0

[Event "Romanian-ch Youth Open U16 2024"]
[Site "Eforie Nord"]
[Date "2024.04.16"]
[Round "6.1"]
[White "Magold, Filip"]
[Black "Cnejev, Vladimir-Alexandru"]
[Result "1/2-1/2"]
[ECO "C88"]
[WhiteElo "2408"]
[BlackElo "2353"]
[Annotator "TA"]
[PlyCount "41"]
[EventDate "2024.04.10"]
[EventType "swiss"]
[EventCountry "ROU"]
[SourceTitle "playchess.com"]
[Source "ChessBase"]
[SourceQuality "1"]
[TimeControl "5400+30"]

1. e4 e5 2. Nf3 Nc6 3. Bb5 a6 4. Ba4 Nf6 5. O-O Be7 6. Re1 b5 7. Bb3 O-O 8. h3 Bb7 9. c3 d5 10. exd5 Nxd5 11. d4 exd4 12. cxd4 Bf6 13. Nc3 {[%emt 0:00:46] The position is equal.} Nxc3 14. bxc3 b4 15. Rb1 Qd6 {[%emt 0:18:15] [#]} ({Better is} 15... a5 $14) 16. Ng5 $1 $16 Bxg5 17. Bxg5 Qg6 {[%emt 0:16:01] [#]} 18. Qg4 (18. h4 $1 $16 {d5 would now be deadly.} Rae8 19. Rxe8 Rxe8 20. d5) 18... bxc3 $11 19. Be3 {[%emt 0:17:43] This pair of bishops is nice.} Qxg4 20. hxg4 Na5 21. Rbc1 {[%emt 0:09:09] Weighted Error Value: White=0.17 (very precise) /Black=0.15 (very precise) .  Mistake:       	White=1     	Black=1      Inaccurate:     	White=1     	Black=2      OK:         	White=2     	Black=4      Best:        	---       	Black=1      Strong:       	White=1     	---} 1/2-1/2

[Event "Romanian-ch Youth Open U16 2024"]
[Site "Eforie Nord"]
[Date "2024.04.16"]
[Round "6.2"]
[White "Vedmediuc, Artiom"]
[Black "Radu, David Cr."]
[Result "1/2-1/2"]
[ECO "C70"]
[WhiteElo "2034"]
[BlackElo "2237"]
[Annotator "TA"]
[PlyCount "128"]
[EventDate "2024.04.10"]
[EventType "swiss"]
[EventCountry "ROU"]
[SourceTitle "playchess.com"]
[Source "ChessBase"]
[SourceQuality "1"]
[TimeControl "5400+30"]

1. e4 e5 2. Nf3 Nc6 3. Bb5 a6 4. Ba4 Nge7 5. c3 Ng6 6. d4 exd4 7. cxd4 Bb4+ 8. Nc3 {[%emt 0:01:23] White has an edge.} d5 9. e5 O-O 10. O-O b5 11. Bb3 Bxc3 12. bxc3 Bf5 (12... Na5 $142) 13. Bg5 (13. Ne1 $1 $16) 13... Qd7 $14 14. Ne1 Na5 15. Nd3 Nc4 16. Nc5 Qc6 17. Qf3 $36 {[%emt 0:04:21][%mdl 2048] Keeping Black busy.} Bc8 18. Nd3 {[%emt 0:05:02] White is more active.} h6 19. Bc1 Be6 20. Bc2 f5 (20... a5 $16 {might work better.}) 21. a4 $18 Nb6 22. Nb4 Qd7 23. axb5 axb5 24. Rxa8 Rxa8 25. Qh5 Qf7 26. Nd3 {[%emt 0:01:09] [#]} (26. Qe2 $16) 26... Nxe5 $1 $11 27. Qe2 (27. Qxf7+ Nxf7) 27... Nxd3 28. Qxd3 Nc4 29. Re1 Re8 30. Bf4 Bd7 31. Ra1 c6 32. h3 g5 33. Bc7 Bc8 (33... Re7 {is more complex.} 34. Ra8+ Kg7 35. Kh2 Re1) 34. Bb8 Re7 {[%emt 0:04:35] Dodges Ba7} 35. Qg3 Qe8 36. Ra8 ({White should play} 36. Bd3 $11) 36... Bb7 (36... Bd7 $1 $15 37. Ra1 Re2) 37. Ra7 Re1+ 38. Kh2 Qf7 {[#]} ({Black should try} 38... Qe2 $1 $11 39. Qc7 (39. Bxf5 Nd2 $11) 39... Qxf2 40. Qd8+ (40. Rxb7 $2 Qg1+ 41. Kg3 Re3#) 40... Kg7 41. Rxb7+ Kg6) 39. Bxf5 Qxf5 40. Rxb7 Qc8 41. Rc7 Qe8 (41... Qxb8 $2 42. Rg7+ (42. Rxc6 $2 {perishes.} Qxg3+ 43. Kxg3 Rc1 $19) 42... Kxg7 43. Qxb8 $18) 42. Rb7 Re7 43. Rxe7 Qxe7 44. Qc7 $2 (44. Qg4 $11) 44... Qxc7+ $19 45. Bxc7 {[%emt 0:00:30][%mdl 4096] Endgame. [#] KB-KN} Kf7 $2 (45... c5 $1 $19 46. dxc5 Kf7) 46. f4 $2 {[%emt 0:00:30][%mdl 8192] [#]} (46. Kg1 $15) 46... Kg6 $2 (46... c5 $1 $19 47. fxg5 cxd4 48. cxd4 b4 (48... hxg5 $2 49. Bg3 $19)) 47. fxg5 {[%emt 0:00:30] The position is equal.} hxg5 48. Kg3 Nd2 49. Ba5 Kf5 50. Kf2 g4 51. hxg4+ Kxg4 52. Ke2 Ne4 53. Bb4 Kg3 54. Kf1 Nd2+ 55. Kg1 $1 Nc4 56. Bc5 Kf4 57. Kf2 Ne3 58. Bd6+ Ke4 {White must now prevent ...Kd3.} 59. Bb4 $1 Nc2 {Threatens to win with ...Nxb4.} (59... Kd3 $5 60. Kf3 $8 Nd1 $11) 60. Ba5 b4 61. Bxb4 Nxb4 62. cxb4 Kxd4 {Strongly threatening ...Kc3.} 63. Ke2 Ke4 (63... Kc4 $5 64. g4 $8 Kd4 $11 (64... Kxb4 65. g5 Kc3 66. g6 d4 67. g7 d3+ 68. Kd1 Kd4 69. g8=Q)) 64. g4 Kf4 {Never resign too early!   Weighted Error Value: White=0.34/Black=0.35.  Loses game:     	White=1     	---        Mistake:       	White=4     	Black=4      Inaccurate:     	White=2     	Black=5      OK:         	White=26    	Black=21     Best:        	White=2     	Black=2      Strong:       	White=2     	---} 1/2-1/2

[Event "Romanian-ch Youth Open U16 2024"]
[Site "Eforie Nord"]
[Date "2024.04.17"]
[Round "7.1"]
[White "Coicev, Matei-Andrei"]
[Black "Magold, Filip"]
[Result "1/2-1/2"]
[ECO "B30"]
[WhiteElo "2230"]
[BlackElo "2408"]
[Annotator "TA"]
[PlyCount "94"]
[EventDate "2024.04.10"]
[EventType "swiss"]
[EventCountry "ROU"]
[SourceTitle "playchess.com"]
[Source "ChessBase"]
[SourceQuality "1"]
[TimeControl "5400+30"]

1. e4 c5 2. Nf3 Nc6 3. Bc4 Nf6 4. e5 Ng4 5. Bxf7+ Kxf7 6. Ng5+ Kg8 $1 7. Qxg4 Nxe5 8. Qe4 Nc6 9. Qf5 $1 Qe8 {[%emt 0:00:39] Dodges Qf7+. With the idea ...h6.} 10. Qxc5 e6 11. Qe3 b6 12. c3 (12. d3 $11) 12... Ba6 $15 {[%emt 0:03:23][%mdl 1024] Black has compensation.} 13. d4 h6 {[%emt 0:04:28] Repels f4} 14. Nf3 Qg6 {[%emt 0:01:16] White must now prevent ...e5. White is weak on the light squares} 15. Rg1 (15. Nbd2 $1 $15) 15... Bd6 (15... e5 $1 $19 16. Kd1 Re8 17. Nxe5 Nxe5 18. dxe5 Bc5) 16. Nbd2 $1 Rf8 17. Qe4 Qf7 18. Nf1 b5 (18... e5 $15 19. d5 Bxf1) 19. Be3 (19. Qd3 $14) 19... b4 $11 20. N1d2 bxc3 21. bxc3 Ne7 22. Qc2 Nd5 23. Ne4 Qg6 (23... Qf5 $15 {is more appropriate.} 24. Bd2 (24. c4 $2 Bxc4 25. Qxc4 Qxe4 $19) 24... Rc8) 24. Kd2 (24. O-O-O $1 $11 Rc8 (24... Ba3+ 25. Kd2 $11) 25. Nc5 (25. Nxd6 $2 Rxc3 26. Rd2 Rxc2+ 27. Rxc2 Qd3 $19)) 24... Nxe3 $1 $17 25. fxe3 {[%emt 0:00:24] [#]} Bxh2 26. Nxh2 {[%emt 0:02:07] Nf3 is the strong threat.} d5 27. Nf6+ ({Don't go for} 27. Qa4 $2 Qxe4 28. Qxa6 Rf2+ $19) 27... Qxf6 (27... gxf6 28. Qxg6#) 28. Nf3 h5 $1 29. Rae1 h4 30. Qa4 Bc4 31. Ne5 Qf2+ 32. Kc1 {[%emt 0:00:26] [#]} Be2 ({Much weaker is} 32... Bxa2 $6 33. Qa6 Rh6 34. Rgf1 $11) (32... Qxa2 33. Qxa2 Bxa2 34. Ng6 $14) (32... Rh5 $142 $1 {Hoping for ...Rb8.} 33. Nxc4 dxc4 34. Qxc4 Rb8) 33. Qc2 {[%emt 0:02:48] [#]} Bh5 (33... Ba6 $1 $17 34. Qa4 Be2) 34. Nd3 (34. Rgf1 $11 {remains equal.} Qxc2+ (34... Qxf1 35. Rxf1 Rxf1+ 36. Kb2 $15) 35. Kxc2) 34... Qg3 35. Nf4 {[%emt 0:01:41][%cal Og1f1] Against Bg6} Bg4 36. Rgf1 Bf5 37. Qf2 Qxf2 38. Rxf2 Be4 39. Rb2 Rh6 40. Rg1 Rhf6 ({Black should play} 40... Re8 $17 {Strongly threatening ...e5.} 41. c4 dxc4) 41. g3 $11 {[%emt 0:00:42] The position is equal.} hxg3 42. Rxg3 Rh6 43. Rb7 Rf7 44. Rb8+ Rf8 45. Rb7 Rf7 46. Rb8+ Rf8 47. Rb7 Rf7 {[%emt 0:02:26] White happily takes the draw.   Weighted Error Value: White=0.19 (very precise) /Black=0.16 (very precise) .  Mistake:       	White=5     	Black=6      Inaccurate:     	White=3     	Black=1      OK:         	White=14    	Black=17     Best:        	White=7     	Black=5      Strong:       	White=2     	Black=3      Brilliant:      	---       	Black=1} 1/2-1/2